 Dungeon Crawl Stone Soup version 0.29-a0-1052-g6990b1bffc (webtiles) character file.

Game seed: 13505491609596222025

28 slphil the Trooper (level 3, -1/30 HPs)
             Began as a Formicid Abyssal Knight on Aug 18, 2022.
             Was a Believer of Lugonu.
             Slain by Natasha (2 damage)
             ... on level 2 of the Dungeon.
             The game lasted 00:01:41 (1484 turns).

slphil the Trooper (Formicid Abyssal Knight)        Turns: 1484, Time: 00:01:42

Health: -1/30      AC:  3    Str: 19    XL:     3   Next: 27%
Magic:  5/5        EV: 11    Int:  9    God:    Lugonu [**....]
Gold:   36         SH:  0    Dex: 14    Spells: 2/2 levels left

rFire   . . .      SeeInvis +   a - +1 hand axe
rCold   . . .      Faith    .   (no shield)
rNeg    . . .      Spirit   .   b - +0 leather armour
rPois   .          Reflect  .   (helmet unavailable)
rElec   .          Harm     .   (no cloak)
rCorr   .          Rampage  .   (no gloves)
Will    .....                   (no boots)
Stlth   +.........              (no amulet)
HPRegen 0.10/turn               (no ring)
MPRegen 0.09/turn               (no ring)

@: no status effects
A: permanent stasis, dig shafts and tunnels, antennae 3, four strong arms
a: Dig, Shaft Self, Renounce Religion, Depart the Abyss, Bend Space


You were on level 2 of the Dungeon.
You worshipped Lugonu.
Lugonu was pleased with you.
You visited 1 branch of the dungeon, and saw 2 of its levels.
You visited the Abyss 1 time.

You collected 36 gold pieces.

Inventory:

Hand Weapons
 a - a +1 hand axe (weapon)
Armour
 b - a +0 leather armour (worn)
Scrolls
 c - a scroll of noise {unknown}
 d - a scroll of identify {unknown}
Potions
 e - 2 potions of flight {unknown}
 f - a potion of mutation {unknown}
 g - 2 potions of might {unknown}
 h - a potion of curing {unknown}


   Skills:
 + Level 3.6 Fighting
 + Level 2.4 Axes
 + Level 2.6 Armour
 - Level 0.9 Dodging
 + Level 2.7 Invocations


You had 2 spell levels left.
You didn't know any spells.
Your spell library was empty.

Dungeon Overview and Level Annotations

Branches:
Dungeon (2/15)

Altars:

Annotations:
D:2 Natasha


Innate Abilities, Weirdness & Mutations

You cannot be hasted, slowed, berserked, paralysed or teleported.
You can dig through walls and to a lower floor.
You have a pair of large antennae on your head. (SInv)
Your four strong arms can wield two-handed weapons with a shield.


Message History

No target in view!
Done exploring.
Done exploring.
(D) Dungeon
Where to? (? - help)
What level of the Dungeon? (default 1, ? - help)
There is a stone staircase leading down here.
You climb downwards.
There is a stone staircase leading up here.
You now have 36 gold pieces (gained 7).
Natasha, Servant of Life and Death comes into view.
Natasha is nearby!
Found a scroll labelled ADEUCHO SUWIFE, 6 poisoned darts and 13 gold pieces.
Natasha hisses angrily.
Natasha drinks a potion.
Natasha flickers and vanishes for a moment.
Natasha casts a spell at you. The magic dart hits you.
Natasha claws you but does no damage.
You closely miss Natasha. Natasha claws you.
You closely miss Natasha.
Natasha wildly gestures.
Natasha's front paws start to glow.
Natasha stares at you and mumbles some strange words.
The magic dart hits you!
You are too injured to fight recklessly!
You are too injured to fight recklessly!
You are too injured to fight recklessly!
You hit Natasha.
Natasha is moderately wounded.
Natasha claws you!
* * * LOW HITPOINT WARNING * * *
You hit Natasha.
Natasha is moderately wounded.
Natasha claws you.
* * * LOW HITPOINT WARNING * * *
You hit Natasha.
Natasha is heavily wounded.
Natasha claws you.
You die...

#######
#.....#
#$....#
#.....#
#.....#
#(..h.#
#....@#
##?....###
#.........#
#.#######.#
# #.......#
#.####..#
#.# #..#
#.####..#
#....#..##


You could see Natasha (invisible).

Vanquished Creatures
  A ball python (D:1)
  A bat (D:1)
  2 endoplasms (D:1)
  4 goblins (D:1)
  2 hobgoblins (D:1)
  3 jackals (D:1)
  A frilled lizard (D:1)
  7 kobolds (D:1)
  2 rats (D:1)
23 creatures vanquished.

Notes
Turn   | Place    | Note
-------+----------+-------------------------------------------
     0 | Abyss:1  | slphil the Formicid Abyssal Knight began the quest for the
                  | Orb.
     0 | Abyss:1  | Reached XP level 1. HP: 18/18 MP: 2/2
     1 | D:1      | Escaped the Abyss
   297 | D:1      | Reached XP level 2. HP: 14/24 MP: 3/3
   925 | D:1      | Reached XP level 3. HP: 27/29 MP: 4/4
  1475 | D:2      | Noticed Natasha
  1483 | D:2      | HP: 1/30 [Natasha (4)]
  1484 | D:2      | Slain by Natasha

Illustrated notes

Levels and vault maps discovered:
D:1:      psy_arrival_radial01, layout_basic, minmay_statues_item
D:2:      layout_basic, shapermc_ecumenical_altar_petra, minmay_split_cup_large,
          uniq_natasha

Action                   || total
-------------------------++-------
Melee: Hand axe          ||    76
Armor: Leather armour    ||    21
Dodge: Dodged            ||    34

Table legend: (Time is in decaauts)
 A = Elapsed time spent in this place.
 B = Non-inter-level travel time spent in this place.
 C = Inter-level travel time spent in this place.
 D = Time resting spent in this place.
 E = Time spent auto-exploring this place.
 F = Levels seen in this place.
 G = Mean time per level.
                   A        B        C        D        E       F      G
               +--------+--------+--------+--------+--------+-----+--------+
         Total |   1497 |   1464 |     33 |    212 |   1071 |   3 |  499.0 |
       Dungeon |   1496 |   1463 |     33 |    212 |   1071 |   2 |  748.0 |
         Abyss |      1 |      1 |      0 |      0 |      0 |   1 |    1.0 |
               +--------+--------+--------+--------+--------+-----+--------+

Top non-repeatable levels by time:
     D:1: 1460 daAuts
     D:2: 36 daAuts
 Abyss:1: 1 daAuts
